 Dungeon Sprint DCSS version 0.19-a0-1920-g83281cb (webtiles) character file.

40548 Naow the Acrobat (level 13, -10/73 HPs)
             Began as a Spriggan Enchanter on Oct 23, 2016.
             Was the Champion of Dithmenos.
             Mangled by a spark wasp (13 damage)
             ... in the Dungeon (Sprint IX: "|||||||||||||||||||||||||||||").
             The game lasted 00:27:03 (7275 turns).

Naow the Acrobat (Spriggan Enchanter)               Turns: 7275, Time: 00:27:04

Health: -10/73     AC:  9    Str:  5    XL:     13   Next: 75%
Magic:  14/37      EV: 38    Int: 20    God:    Dithmenos [******]
Gold:   490        SH:  0    Dex: 17    Spells: 9 memorised, 19 levels left

rFire  . . .     SeeInvis +     E - +2 rapier (elec)
rCold  . . .     Gourm    .     C - +2 robe {rN+}
rNeg   + . .     Faith    .     (shield restricted)
rPois  .         Spirit   .     (helmet restricted)
rElec  .         Reflect  .     U - +2 cloak
rCorr  .         Harm     .     (gloves unavailable)
MR     ++...     NoTele   +     (boots unavailable)
Stlth  ++++++++++               (no amulet)
                                q - +2 ring of protection
                                p - +2 ring of evasion

@: wreathed by umbra, very quick
A: unfitting armour, see invisible, herbivore 3, speed 3, slow metabolism 2
a: Shadow Step, Shadow Form, Renounce Religion


You were in the Dungeon.
You worshipped Dithmenos.
Dithmenos was exalted by your worship.
You were not hungry.

You visited 1 branch You collected 1910 gold pieces.
You spent 1420 gold pieces at shops.

Inventory:

Hand Weapons
 a - a +1 dagger
 x - a +0 quarterstaff of protection
 y - a +0 hunting sling
 D - a +1 dagger of venom
 E - a +2 rapier of electrocution (weapon)
Missiles
 z - 26 sling bullets
Armour
 b - a +1 robe
 o - a +0 cloak
 C - a +2 robe of positive energy (worn)
 N - +1 fire dragon scales
 O - +1 ice dragon scales
 P - +0 storm dragon scales
 U - a +2 cloak (worn)
Jewellery
 p - a +2 ring of evasion (left hand)
 q - a +2 ring of protection (right hand)
 K - an uncursed ring of protection from fire
 L - an uncursed ring of protection from cold
 M - an uncursed ring of ice
Wands
 n - a wand of acid (7/15)
 B - a wand of digging (17/24)
 J - a wand of lightning (8/15)
 T - a wand of heal wounds (2/9)
Scrolls
 j - 3 scrolls of blinking
 l - 4 scrolls of remove curse
 m - 2 scrolls of amnesia
 t - 2 scrolls of fog
 u - 2 scrolls of fear
 v - 2 scrolls of identify
 S - a scroll of recharging
Potions
 e - a potion of invisibility
 f - 3 potions of heal wounds
 g - 2 potions of haste
 h - 4 potions of magic
 i - a potion of berserk rage
 k - 5 potions of curing
 r - 2 potions of brilliance
 w - a potion of cancellation
 Q - 2 potions of agility
 R - a potion of cure mutation
Books
 c - a book of Maledictions

   Spells                             Type                      Level
   a - Corona                         Hexes                        1
   b - Ensorcelled Hibernation        Hexes/Ice                    2
   c - Confuse                        Hexes                        3
   d - Tukima's Dance                 Hexes                        3
   e - Dazzling Spray                 Conjuration/Hexes            3
 s - a book of the Earth

   Spells                             Type                      Level
   a - Leda's Liquefaction            Hexes/Earth                  4
   b - Bolt of Magma                  Conjuration/Fire/Earth       5
   c - Statue Form                    Transmutation/Earth          6
   d - Iron Shot                      Conjuration/Earth            6
   e - Shatter                        Earth                        9
 F - a book of Misfortune

   Spells                             Type                      Level
   a - Confusing Touch                Hexes                        1
   b - Confuse                        Hexes                        3
   c - Gell's Gravitas                Hexes/Translocation          3
   d - Petrify                        Transmutation/Earth          4
   e - Metabolic Englaciation         Hexes/Ice                    5
   f - Yara's Violent Unravelling     Hexes/Transmutation          5
 G - a book of Cantrips

   Spells                             Type                      Level
   a - Confusing Touch                Hexes                        1
   b - Animate Skeleton               Necromancy                   1
   c - Summon Small Mammal            Summoning                    1
   d - Apportation                    Translocation                1
 H - a book of Minor Magic

   Spells                             Type                      Level
   a - Magic Dart                     Conjuration                  1
   b - Blink                          Translocation                2
   c - Call Imp                       Summoning                    2
   d - Repel Missiles                 Charms/Air                   2
   e - Slow                           Hexes                        2
   f - Conjure Flame                  Conjuration/Fire             3
   g - Mephitic Cloud                 Conjuration/Poison/Air       3
 I - a book of Party Tricks

   Spells                             Type                      Level
   a - Summon Butterflies             Summoning                    1
   b - Apportation                    Translocation                1
   c - Lesser Beckoning               Translocation                3
   d - Tukima's Dance                 Hexes                        3
   e - Alistair's Intoxication        Transmutation/Poison         5
   f - Invisibility                   Hexes                        6
Comestibles
 d - 12 bread rations
 A - 40 fruits


   Skills:
 - Level 10.8 Fighting
 - Level 10.9 Short Blades
 - Level 22.0 Dodging
 - Level 15.1 Stealth
 * Level 19.7 Spellcasting
 - Level 12.1 Hexes
 - Level 15.6 Earth Magic
 - Level 11.7 Invocations


You had 19 spell levels left.
You knew the following spells:

 Your Spells              Type           Power        Failure   Level  Hunger
a - Corona                Hex            ######.      0%          1    None
b - Ensorcelled Hibernat  Hex/Ice        #####.       1%          2    None
c - Tukima's Dance        Hex            ######..     1%          3    None
d - Confuse               Hex            ######..     1%          3    None
e - Iron Shot             Conj/Erth      ######....   17%         6    ####...
f - Statue Form           Tmut/Erth      ######...    17%         6    ####...
g - Leda's Liquefaction   Hex/Erth       ######....   1%          4    None
h - Invisibility          Hex            ######..     2%          6    ####...
i - Summon Butterflies    Summ           ###.....     2%          1    None


Dungeon Overview and Level Annotations

Branches:
Dungeon (1/1)

Altars:
Cheibriados
Dithmenos
Elyvilon
Fedhas
Gozag
Hepliaklqana
Kikubaaqudgha
Makhleb
Nemelex Xobeh
Okawaru
Qazlal
Ru
Sif Muna
Trog
Uskayaw
Vehumet
Xom
Yredelemnul
Zin
The Shining One
Beogh
Jiyva
Lugonu

Shops:
D ::*(


Innate Abilities, Weirdness & Mutations

You are very small and have problems with some larger weapons.
You are too small for most types of armour.
You have supernaturally acute eyesight. (SInv)
You are a herbivore.
You cover ground extremely quickly.
You need consume almost no food.


Message History

Aim: an ogre mage, wielding a whip and wearing a robe (severely wounded, slightly transparent, umbra, chance to defeat MR: 26%)
The ogre mage easily resists.
The ogre mage barely misses you.
Casting: Confuse
Confirm with . or Enter, or press ? or * to list all spells.
Aiming: Confuse
Press: ? - help, Shift-Dir - straight line, f/p - ogre mage
Aim: an ogre mage, wielding a whip and wearing a robe (severely wounded, slightly transparent, umbra, chance to defeat MR: 26%)
The ogre mage appears confused.
The ogre mage barely misses the spark wasp.
A deep troll shaman comes into view.
Things that are here:
a large rock; a great sword of flaming; a fire giant corpse The spark wasp bursts into living lightning!
The living lightning misses the ogre mage.
The living lightning hits you!
You emit a cloud of dark smoke.
There is an open door to the Dungeon, spattered with blood here.
You close the door.
The spark wasp stings you!!
* * * LOW HITPOINT WARNING * * *
You emit a cloud of dark smoke.
The spark wasp shocks you!
You die...

▓▓▓▓▓▓▓▓▓▓▓▓▓▓▓▓▓▓▓▓▓▓▓▓▓▓▓
TyiiDy(O§+@y.(.............
▓▓▓▓▓▓▓▓▓▓▓▓▓▓▓▓▓▓▓▓▓▓▓▓▓▓▓▓▓▓▓▓.
.......................).........
▓▓▓▓▓▓▓▓▓▓▓▓▓▓▓▓▓▓▓▓▓▓▓▓▓▓▓▓▓▓▓▓▓
.)....(')..)(..))'.).)....)..[.).
▓▓▓▓▓▓▓▓▓▓▓▓▓▓▓▓▓▓▓▓▓▓▓▓▓▓▓▓▓▓▓▓.
.....)...........................
▓▓▓▓▓▓▓▓▓▓▓▓▓▓▓▓▓▓▓▓▓▓▓▓▓▓▓▓▓▓▓▓▓
.[[.[[..[.))))))))....='.........


You could see a spark wasp.

Vanquished Creatures
  Rupert (D)
  A fire giant (D)
  A frost giant (D)
  An emperor scorpion (D)
  Aizul (D)
  A ghost moth (D)
  2 very ugly things (D)
  3 stone giants (D)
  Nessos (D)
  2 ogre magi (D)
  2 hydras (D)
  Erica (D)
  An alligator (D)
  A tengu warrior (D)
  A satyr (D)
  A deep troll earth mage (D)
  A deep troll shaman (D)
  A shock serpent (D)
  A naga sharpshooter (D)
  3 orc high priests (D)
  A spriggan druid (D)
  2 naga ritualists (D)
  A hill giant (D)
  A swamp dragon (D)
  A deep elf mage (D)
  3 orc knights (D)
  2 wolf spiders (D)
  A cyclops (D)
  3 manticores (D)
  An ugly thing (D)
  An elephant (D)
  A siren (D)
  Maurice (D)
  3 black mambas (D)
  2 spiny frogs (D)
  Psyche (D)
  2 komodo dragons (D)
  3 demonic crawlers (D)
  3 merfolk (D)
  2 hornets (D)
  A wind drake (D)
  A two-headed ogre (D)
  A bog body (D)
  2 slime creatures (D)
  A hippogriff (D)
  2 spriggans (D)
  2 vampires (D)
  A redback (D)
  2 tarantellas (D)
  A naga (D)
  5 water moccasins (D)
  A hell hound (D)
  11 orc warriors (D)
  A sky beast (D)
  A black bear (D)
  A phantom (D)
  A boggart (D)
  8 wolves (D)
  3 crocodiles (D)
  5 bullfrogs (D)
  A wight (D)
  A killer bee (D)
  2 crimson imps (D)
  A hound (D)
  3 orc priests (D)
  3 orc wizards (D)
  A worm (D)
  19 orcs (D)
  A goblin (D)
  A hobgoblin (D)
  A ball python (D)
  2 bats (D)
  A quokka zombie (D)
150 creatures vanquished.

Vanquished Creatures (collateral kills)
  An anaconda (D)
1 creature vanquished.

Vanquished Creatures (others)
  A spatial maelstrom (D)
1 creature vanquished.

Grand Total: 152 creatures vanquished

Notes
Turn   | Place    | Note
-------+----------+-------------------------------------------
     0 | D        | Naow the Spriggan Enchanter began the quest for the Orb.
     0 | D        | Reached XP level 1. HP: 9/9 MP: 5/5
    24 | D        | Banished a spatial maelstrom
    35 | D        | Reached skill level 5 in Stealth
   175 | D        | Noticed a crimson imp
   175 | D        | Noticed a crimson imp
   177 | D        | Killed a crimson imp
   177 | D        | Reached skill level 5 in Hexes
   177 | D        | Reached XP level 2. HP: 13/13 MP: 5/8
   177 | D        | Reached XP level 3. HP: 16/16 MP: 6/10
   183 | D        | Learned a level 2 spell: Ensorcelled Hibernation
   225 | D        | Reached skill level 5 in Spellcasting
   225 | D        | Reached XP level 4. HP: 10/21 MP: 0/12
   382 | D        | Found a roughly hewn altar of Beogh.
   382 | D        | Found a snail-covered altar of Cheibriados.
   382 | D        | Found a shadowy altar of Dithmenos.
   382 | D        | Found a white marble altar of Elyvilon.
   382 | D        | Found a blossoming altar of Fedhas.
   382 | D        | Found an opulent altar of Gozag.
   383 | D        | Found a hazy altar of Hepliaklqana.
   384 | D        | Found a viscous altar of Jiyva.
   385 | D        | Found an ancient bone altar of Kikubaaqudgha.
   386 | D        | Found a corrupted altar of Lugonu.
   387 | D        | Became a worshipper of Dithmenos the Shadowed
   388 | D        | Found a burning altar of Makhleb.
   389 | D        | Found a sparkling altar of Nemelex Xobeh.
   390 | D        | Found an iron altar of Okawaru.
   391 | D        | Found a stormy altar of Qazlal.
   392 | D        | Found a sacrificial altar of Ru.
   393 | D        | Found a deep blue altar of Sif Muna.
   394 | D        | Found a bloodstained altar of Trog.
   395 | D        | Found a hide-covered altar of Uskayaw.
   396 | D        | Found a radiant altar of Vehumet.
   397 | D        | Found a shimmering altar of Xom.
   398 | D        | Found a basalt altar of Yredelemnul.
   399 | D        | Found a glowing silver altar of Zin.
   400 | D        | Found a glowing golden altar of the Shining One.
   433 | D        | Noticed a hill giant
   433 | D        | Noticed a two-headed ogre
   433 | D        | Noticed a phantom
   433 | D        | Noticed a sky beast
   436 | D        | Killed a sky beast
   436 | D        | Reached skill level 5 in Short Blades
   436 | D        | Reached XP level 5. HP: 24/24 MP: 11/15
   496 | D        | Learned a level 3 spell: Tukima's Dance
   500 | D        | Learned a level 3 spell: Confuse
   614 | D        | Killed a phantom
   614 | D        | Reached skill level 10 in Stealth
   808 | D        | Killed a two-headed ogre
   808 | D        | Reached * piety under Dithmenos
   808 | D        | Reached XP level 6. HP: 28/28 MP: 17/19
   813 | D        | Killed a hill giant
   813 | D        | Reached skill level 10 in Spellcasting
   813 | D        | Reached skill level 10 in Hexes
   813 | D        | Reached XP level 7. HP: 32/32 MP: 16/22
   856 | D        | Reached ** piety under Dithmenos
   856 | D        | Reached XP level 8. HP: 36/36 MP: 15/23
   865 | D        | Noticed a deep elf mage
   868 | D        | Reached skill level 10 in Short Blades
   885 | D        | Killed a deep elf mage
   885 | D        | Reached *** piety under Dithmenos
   885 | D        | Reached skill level 15 in Stealth
  1234 | D        | Learned a level 6 spell: Iron Shot
  1241 | D        | Learned a level 6 spell: Statue Form
  1242 | D        | Noticed a five-headed hydra
  1242 | D        | Noticed a spiny frog
  1244 | D        | Reached skill level 1 in Earth Magic
  1244 | D        | Reached skill level 1 in Invocations
  1246 | D        | Reached **** piety under Dithmenos
  1246 | D        | Reached skill level 4 in Dodging
  1248 | D        | Killed a spiny frog
  1248 | D        | Reached skill level 6 in Dodging
  1248 | D        | Reached XP level 9. HP: 39/39 MP: 22/25
  1253 | D        | Reached skill level 7 in Dodging
  1277 | D        | Killed a five-headed hydra
  1277 | D        | Reached skill level 9 in Dodging
  1277 | D        | Reached skill level 5 in Earth Magic
  1284 | D        | Reached ***** piety under Dithmenos
  1439 | D        | Reached skill level 10 in Dodging
  1460 | D        | Noticed a komodo dragon
  1460 | D        | Noticed an elephant
  1460 | D        | Noticed a komodo dragon
  1462 | D        | Killed a komodo dragon
  1467 | D        | Killed an elephant
  1467 | D        | Reached skill level 11 in Dodging
  1467 | D        | Reached XP level 10. HP: 44/44 MP: 18/26
  1626 | D        | Reached skill level 12 in Dodging
  1637 | D        | Reached ****** piety under Dithmenos
  1916 | D        | Noticed Psyche
  1922 | D        | Killed Psyche
  1922 | D        | Reached skill level 13 in Dodging
  2536 | D        | Noticed an orc high priest
  2536 | D        | Noticed an orc knight
  2538 | D        | Killed an orc knight
  2544 | D        | Reached skill level 14 in Dodging
  2544 | D        | Reached skill level 10 in Invocations
  2660 | D        | Killed an orc high priest
  2691 | D        | Reached XP level 11. HP: 45/47 MP: 16/27
  2721 | D        | Found Nenak's Weapon Boutique.
  2721 | D        | Noticed an orc knight
  2723 | D        | Killed an orc knight
  2723 | D        | Reached skill level 15 in Dodging
  2723 | D        | Reached skill level 10 in Earth Magic
  2727 | D        | Found Todeolu's General Store.
  2730 | D        | Noticed an orc knight
  2742 | D        | Found Woneudyo's Book Boutique.
  2743 | D        | Killed an orc knight
  2745 | D        | Noticed an orc high priest
  2816 | D        | Killed an orc high priest
  2948 | D        | Found Utoir's Book Shop.
  2954 | D        | Bought 16 sling bullets for 80 gold pieces
  2954 | D        | Noticed an orc high priest
  2961 | D        | Killed an orc high priest
  2961 | D        | Reached skill level 16 in Dodging
  2976 | D        | Bought a book of Misfortune for 280 gold pieces
  2976 | D        | Bought a book of Cantrips for 280 gold pieces
  2976 | D        | Bought a book of Minor Magic for 280 gold pieces
  2981 | D        | Learned a level 4 spell: Leda's Liquefaction
  2983 | D        | Bought a book of Party Tricks for 500 gold pieces
  2990 | D        | Learned a level 6 spell: Invisibility
  2992 | D        | Learned a level 1 spell: Summon Butterflies
  3044 | D        | Noticed Erica
  3060 | D        | Killed Erica
  3154 | D        | Noticed a tengu warrior
  3154 | D        | Noticed an ogre mage
  3154 | D        | Noticed a cyan ugly thing
  3161 | D        | Killed a cyan ugly thing
  3164 | D        | Noticed an ogre mage
  3177 | D        | Killed an ogre mage
  3177 | D        | Reached skill level 17 in Dodging
  3299 | D        | Killed a tengu warrior
  3302 | D        | Noticed a deep troll earth mage
  3316 | D        | Noticed a stone giant
  3316 | D        | Killed an ogre mage
  3316 | D        | Reached skill level 5 in Fighting
  3418 | D        | Noticed a stone giant
  3425 | D        | Killed a deep troll earth mage
  3425 | D        | Reached skill level 18 in Dodging
  3427 | D        | HP: 1/56 [stone giant/large rock (12)]
  3601 | D        | Killed a stone giant
  3806 | D        | Noticed a frost giant
  3810 | D        | Noticed a deep troll shaman
  3814 | D        | Killed a stone giant
  3814 | D        | Reached XP level 12. HP: 62/62 MP: 26/31
  3828 | D        | Killed a frost giant
  3828 | D        | Reached skill level 19 in Dodging
  3828 | D        | Reached skill level 15 in Spellcasting
  3831 | D        | Killed a deep troll shaman
  3969 | D        | Noticed Rupert
  4023 | D        | Paralysed by Rupert for 3 turns
  4043 | D        | Killed Rupert
  4213 | D        | Noticed a satyr
  4260 | D        | Reached skill level 20 in Dodging
  4503 | D        | Killed a satyr
  4666 | D        | Noticed an anaconda
  4715 | D        | Killed an anaconda
  4798 | D        | Reached skill level 21 in Dodging
  4889 | D        | Reached skill level 10 in Fighting
  5054 | D        | Noticed a red very ugly thing
  5353 | D        | Noticed a seven-headed hydra
  5359 | D        | Killed a seven-headed hydra
  5359 | D        | Reached XP level 13. HP: 59/72 MP: 29/35
  5415 | D        | Noticed an emperor scorpion
  5445 | D        | Killed an emperor scorpion
  5445 | D        | Reached skill level 22 in Dodging
  5900 | D        | Killed a red very ugly thing
  6037 | D        | Noticed a ghost moth
  6511 | D        | Killed a ghost moth
  6824 | D        | Noticed Aizul
  6852 | D        | Killed Aizul
  6852 | D        | Reached skill level 15 in Earth Magic
  6920 | D        | Noticed Nessos
  6934 | D        | Killed Nessos
  7202 | D        | Noticed Maurice
  7210 | D        | Killed Maurice
  7249 | D        | Noticed a spark wasp
  7249 | D        | Noticed a stone giant
  7249 | D        | Noticed a purple very ugly thing
  7249 | D        | Noticed a fire giant
  7253 | D        | Killed a fire giant
  7259 | D        | Killed a purple very ugly thing
  7264 | D        | Noticed a spark wasp
  7268 | D        | Killed a stone giant
  7275 | D        | HP: 3/73 [spark wasp (26)]
  7275 | D        | Mangled by a spark wasp

Vault maps used:
D:        linesprint

Skill      XL: |  1  2  3  4  5  6  7  8  9 10 11 12 13 |
---------------+----------------------------------------+-----
Spellcasting   | 4 5 6 9 10 11 14 17 19 | 19.7
Hexes          | 5 6 7 9 10 11 12 | 12.1
Stealth        | 6 7 9 11 13 15 | 15.1
Short Blades   | 3 4 5 8 9 10 | 10.9
Earth Magic    | 3 7 9 10 15 | 15.6
Invocations    | 3 7 10 11 | 11.7
Dodging        | 6 11 14 18 21 22 | 22.0
Fighting       | 6 10 | 10.8

Action                   |  1- 3 |  4- 6 |  7- 9 | 10-12 | 13-15 || total
-------------------------+-------+-------+-------+-------+-------++-------
Melee: Dagger            |    61 |    10 |    40 |    61 |       ||   172
       Rapier            |       |       |       |   158 |    86 ||   244
 Cast: Ensorcelled Hiber |     3 |     6 |    32 |   138 |    29 ||   208
       Confuse           |       |     6 |     2 |    46 |    40 ||    94
       Invisibility      |       |       |       |     2 |       ||     2
       Tukima's Dance    |       |       |       |     1 |     3 ||     4
  Use: Potion            |     1 |       |       |     2 |     2 ||     5
 Stab: Distracted        |     1 |       |       |       |       ||     1
       Sleeping          |     3 |     3 |    18 |    67 |    15 ||   106
       Confused          |       |     2 |     2 |    23 |    15 ||    42
       Invisible         |       |       |       |     2 |       ||     2
  Eat: Bread ration      |       |       |       |     1 |       ||     1
Armor: Robe              |     6 |     1 |     2 |     4 |     9 ||    22
Dodge: Dodged            |    52 |     3 |    15 |   155 |   138 ||   363
